 Dungeon Crawl Stone Soup version 0.20.1-4-g4af34eaf8e (webtiles) character file.

4475 Alfie the Archer (level 10, 0/90 HPs)
             Began as a Minotaur Hunter on Mar 11, 2020.
             Slain by regularjogger's ghost (1 damage)
             ... on level 1 of the Orcish Mines.
             The game lasted 00:40:17 (8240 turns).

Alfie the Archer (Minotaur Hunter)                  Turns: 8240, Time: 00:40:18

Health: 0/90       AC:  8    Str: 22    XL:     10   Next: 15%
Magic:  9/9        EV: 14    Int: 10    God:
Gold:   318        SH:  0    Dex: 12    Spells: 2/9 levels left

rFire    . . .     SeeInvis +   b - +1 short sword
rCold    . . .     Gourm    .   (no shield)
rNeg     . . .     Faith    +   w - +2 leather armour "Vyl Naliusk" {+Fly Int+2 SInv}
rPois    +         Spirit   .   (helmet restricted)
rElec    .         Reflect  .   (no cloak)
rCorr    .         Harm     .   (no gloves)
MR       .....     Clarity  +   e - +2 pair of boots
Stlth    ++........             c - amulet of faith
Regen    0.3/turn               I - +3 ring of strength
MPRegen  0.2/turn               h - ring of poison resistance

@: no status effects
A: retaliatory headbutt, fangs 1, horns 2, clarity
a: Evoke Flight


You were on level 1 of the Orcish Mines.
You were not hungry.

You visited 2 branches of the dungeon, and saw 10 of its levels.
You also visited: Sewer.

You collected 645 gold pieces.
You spent 327 gold pieces at shops.

Inventory:

Hand Weapons
 a - a +1 shortbow
 b - a +1 short sword (weapon)
 s - a +2 long sword of protection
Missiles
 d - 178 arrows
 A - 5 tomahawks (quivered)
Armour
 e - a +2 pair of boots (worn)
 w - the +2 leather armour "Vyl Naliusk" (worn) {+Fly Int+2 SInv}
   (You found it on level 4 of the Dungeon)

   It affects your intelligence (+2).
   It lets you see invisible.
   It lets you fly.
Jewellery
 c - an amulet of faith (around neck)
 h - a ring of poison resistance (right hand)
 i - a +3 ring of protection
 o - an uncursed ring of fire
 v - a +3 ring of dexterity
 F - an uncursed ring of see invisible {unknown}
 I - a +3 ring of strength (left hand)
Wands
 x - a wand of lightning (8/15)
 C - a wand of iceblast (9/15)
 E - a wand of lightning (4/15)
 K - a wand of flame (30/48)
 M - a wand of polymorph (9/24)
 O - a wand of iceblast (11/15)
Scrolls
 g - 9 scrolls of remove curse
 m - 3 scrolls of magic mapping
 r - 2 scrolls of enchant armour
 y - 2 scrolls of recharging
 D - a scroll of teleportation
 J - 2 scrolls of amnesia
Potions
 j - a potion of heal wounds {unknown}
 k - 2 potions of curing
 p - a potion of haste {unknown}
 q - a potion of lignification
 u - a potion of brilliance {unknown}
 B - 2 potions of cancellation {unknown}
 G - 3 potions of might {unknown}
 H - a potion of magic {unknown}
 N - a potion of flight {unknown}
Books
 t - a book of Frost

   Spells                             Type                      Level
   a - Freeze                         Ice                          1
   b - Throw Frost                    Conjuration/Ice              2
   c - Ozocubu's Armour               Charms/Ice                   3
   d - Throw Icicle                   Conjuration/Ice              4
   e - Summon Ice Beast               Ice/Summoning                4
 z - a book of Power

   Spells                             Type                      Level
   a - Iskenderun's Battlesphere      Conjuration/Charms           5
   b - Venom Bolt                     Conjuration/Poison           5
   c - Bolt of Magma                  Conjuration/Fire/Earth       5
   d - Iron Shot                      Conjuration/Earth            6
   e - Orb of Destruction             Conjuration                  7
   f - Spellforged Servitor           Conjuration/Summoning        7
 L - a book of Changes

   Spells                             Type                      Level
   a - Beastly Appendage              Transmutation                1
   b - Sticks to Snakes               Transmutation                2
   c - Spider Form                    Transmutation/Poison         3
   d - Ice Form                       Ice/Transmutation            4
   e - Blade Hands                    Transmutation                5
Comestibles
 f - 3 bread rations
 l - 5 meat rations
 n - a royal jelly


   Skills:
 + Level 8.5 Fighting
 + Level 4.0 Short Blades
 + Level 12.1 Bows
 + Level 4.7 Armour
 + Level 5.5 Dodging
 + Level 2.2 Stealth


You had 2 spell levels left.
You knew the following spells:

 Your Spells              Type           Power        Failure   Level  Hunger
a - Venom Bolt            Conj/Pois      #.........   100%        5    ######.
b - Freeze                Ice            #...         41%         1    ##.....
c - Beastly Appendage     Tmut           #.....       41%         1    ##.....


Dungeon Overview and Level Annotations

Branches:
Dungeon (9/15)             Temple (0/1) D:4            Lair (0/6) D:8
    Orc (1/2) D:9

Altars:
Cheibriados
Dithmenos
Fedhas
Gozag
Kikubaaqudgha
Okawaru
Qazlal
Trog
Uskayaw
Yredelemnul
Zin
The Shining One

Shops:
D:5 *   D:6 (   D:8 =

Annotations:
D:3 Alfie's ghost, weakling MiHu
Orc:1 regularjogger's ghost, journeyman HOFi


Innate Abilities, Weirdness & Mutations

You reflexively headbutt those who attack you in melee.
You have a pair of horns on your head.
You have very sharp teeth.
You possess an exceptional clarity of mind.


Message History

Regularjogger's ghost hits you.
* * * LOW HITPOINT WARNING * * *
x2 You miss regularjogger's ghost.
Your headbutt misses regularjogger's ghost.
Regularjogger's ghost is lightly damaged.
Regularjogger's ghost hits you!
* * * LOW HITPOINT WARNING * * *
x2 You miss regularjogger's ghost.
Regularjogger's ghost is lightly damaged.
Regularjogger's ghost misses you. You furiously retaliate!
You headbutt regularjogger's ghost, but do no damage.
You closely miss regularjogger's ghost.
Your headbutt misses regularjogger's ghost.
Your bite misses regularjogger's ghost.
Regularjogger's ghost is lightly damaged.
You closely miss regularjogger's ghost.
Regularjogger's ghost is lightly damaged.
Regularjogger's ghost hits you.
* * * LOW HITPOINT WARNING * * *
You die...

... #.#.## .. ...#
##.............
....##....#.........
..........##........
.#..................
#................$.(
..................(.
.....#...........(..
..#.#.......@W(((..(
..##...#............
...#....^..........$
....................
....................
....................
..........>.........
......><..........#.
.................


You could see regularjogger's ghost.

Vanquished Creatures
  The ghost of Alfie the Shooter, a novice MiHu (D:6)
  The ghost of Alfie the Shooter, an amateur MiHu (D:4)
  Prince Ribbit (D:5)
  A hippogriff (D:9)
  Sigmund (D:3)
  A wyvern (D:8)
  3 hungry ghosts (D:9)
  Edmund (D:5)
  An ice beast (D:7)
  3 ogres
  A phantom (D:8)
  A black bear (D:8)
  7 centaurs
  A crocodile (Sewer)
  Blork the orc (D:6)
  A bullfrog (D:6)
  3 scorpions
  A troll zombie (D:9)
  5 killer bees (D:8)
  A howler monkey (D:8)
  A crimson imp (D:9)
  4 hounds
  3 quasits
  2 orc priests
  2 bullfrog skeletons
  A centaur skeleton (D:5)
  Ijyb (D:5)
  An iguana (D:7)
  5 orc wizards
  4 worker ants
  7 ogre zombies (D:9)
  A gnoll (D:1)
  9 adders
  2 shadow imps
  2 oozes
  An adder skeleton (D:5)
  2 worms
  3 dart slugs
  5 leopard geckos
  34 orcs
  3 ball pythons
  6 giant cockroaches
  4 hobgoblins
  14 jackals
  7 quokkas
  6 bats
  6 frilled lizards
  8 goblins
  2 goblin zombies (D:9)
  2 hobgoblin skeletons (D:9)
  A hobgoblin zombie (D:9)
  2 jackal zombies
  10 kobolds
  An orc skeleton (D:9)
  19 orc zombies (D:9)
  2 quokka skeletons
  3 quokka zombies
  5 rats
227 creatures vanquished.

Notes
Turn   | Place    | Note
-------+----------+-------------------------------------------
     0 | D:1      | Alfie the Minotaur Hunter began the quest for the Orb.
     0 | D:1      | Reached XP level 1. HP: 18/18 MP: 0/0
   138 | D:1      | Reached XP level 2. HP: 25/25 MP: 1/1
   149 | D:1      | Reached skill level 5 in Bows
   522 | D:1      | Reached XP level 3. HP: 30/30 MP: 2/2
  1246 | D:2      | Found a shadowy altar of Dithmenos.
  1383 | D:2      | Reached XP level 4. HP: 38/38 MP: 3/3
  2019 | D:3      | Found a glowing drain.
  2044 | Sewer    | Entered a sewer
  2061 | Sewer    | Reached skill level 1 in Armour
  2124 | Sewer    | Noticed a crocodile
  2142 | Sewer    | Killed a crocodile
  2142 | Sewer    | Reached skill level 6 in Bows
  2142 | Sewer    | Reached skill level 1 in Stealth
  2142 | Sewer    | Reached XP level 5. HP: 16/45 MP: 4/4
  2363 | D:3      | Found a snail-covered altar of Cheibriados.
  2363 | D:3      | Found an iron altar of Okawaru.
  2555 | D:3      | Noticed Sigmund
  2574 | D:3      | Killed Sigmund
  2574 | D:3      | Reached XP level 6. HP: 49/52 MP: 5/5
  2771 | D:3      | Noticed Alfie's ghost (weakling MiHu)
  2813 | D:4      | Noticed Alfie's ghost (amateur MiHu)
  2857 | D:4      | Killed Alfie's ghost
  2857 | D:4      | Reached skill level 1 in Short Blades
  2857 | D:4      | Reached skill level 7 in Bows
  2857 | D:4      | Reached XP level 7. HP: 14/60 MP: 6/6
  2876 | D:4      | Found a staircase to the Ecumenical Temple.
  3102 | D:4      | Found an opulent altar of Gozag.
  3209 | D:4      | Reached skill level 5 in Fighting
  3363 | D:4      | Got a steaming leather armour
  3364 | D:4      | Identified the +2 leather armour "Vyl Naliusk" {+Fly Int+2 SInv} (You found it on level 4 of the Dungeon)
  3412 | D:5      | Entered Level 5 of the Dungeon
  3432 | D:5      | Noticed Edmund
  3488 | D:5      | Killed Edmund
  3488 | D:5      | Reached skill level 8 in Bows
  3492 | D:5      | Gained mutation: You possess an exceptional clarity of mind. [potion of mutation]
  3492 | D:5      | Gained mutation: You have very sharp teeth. [potion of mutation]
  3560 | D:5      | Reached XP level 8. HP: 28/68 MP: 7/7
  3576 | D:5      | Found Vaqax's General Store.
  3610 | D:5      | Bought 33 arrows for 85 gold pieces
  3610 | D:5      | Bought 21 arrows for 54 gold pieces
  3760 | D:5      | Noticed Prince Ribbit
  3778 | D:5      | Killed Prince Ribbit
  3973 | D:5      | Noticed Ijyb
  3989 | D:5      | Killed Ijyb
  3989 | D:5      | Reached skill level 9 in Bows
  4105 | D:6      | Learned a level 5 spell: Venom Bolt
  4480 | D:6      | Noticed Alfie's ghost (novice MiHu)
  4755 | D:6      | Noticed Blork the orc
  4764 | D:6      | Killed Blork the orc
  4846 | D:6      | Killed Alfie's ghost
  4846 | D:6      | Reached skill level 10 in Bows
  4846 | D:6      | Reached XP level 9. HP: 54/78 MP: 8/8
  5119 | D:6      | Found Ogy Cia's Weapon Shop.
  5849 | D:7      | Found a blossoming altar of Fedhas.
  5862 | D:7      | Reached skill level 5 in Dodging
  6012 | D:7      | Found a hide-covered altar of Uskayaw.
  6013 | D:7      | Found a glowing silver altar of Zin.
  6013 | D:7      | Found an ancient bone altar of Kikubaaqudgha.
  6013 | D:7      | Found a basalt altar of Yredelemnul.
  6014 | D:7      | Found a bloodstained altar of Trog.
  6014 | D:7      | Found a stormy altar of Qazlal.
  6014 | D:7      | Found a glowing golden altar of the Shining One.
  6261 | D:8      | Reached skill level 11 in Bows
  6499 | D:8      | Found Began's Jewellery Shoppe.
  6509 | D:8      | Bought a +3 ring of strength for 188 gold pieces
  6774 | D:8      | Found a staircase to the Lair.
  7165 | D:9      | Learned a level 1 spell: Freeze
  7256 | D:9      | Found a staircase to the Orcish Mines.
  7295 | D:9      | Reached XP level 10. HP: 88/88 MP: 9/9
  7568 | D:9      | Learned a level 1 spell: Beastly Appendage
  7652 | D:9      | Reached skill level 12 in Bows
  8201 | Orc:1    | Entered Level 1 of the Orcish Mines
  8217 | Orc:1    | Noticed regularjogger's ghost (journeyman HOFi)
  8240 | Orc:1    | HP: 1/90 [regularjogger's ghost (4)]
  8240 | Orc:1    | Slain by regularjogger's ghost

Skill      XL: |  1  2  3  4  5  6  7  8  9 10 |
---------------+-------------------------------+-----
Bows           | 5 6 7 8 10 11 12 | 12.1
Fighting       | 3 4 5 6 8 |  8.5
Armour         | 1 2 3 4 |  4.7
Stealth        | 1 2 |  2.2
Short Blades   | 1 3 4 |  4.0
Dodging        | 3 4 5 |  5.5

Action                   |  1- 3 |  4- 6 |  7- 9 | 10-12 || total
-------------------------+-------+-------+-------+-------++-------
Melee: Short sword       |    32 |    95 |   130 |     5 ||   262
       Headbutt          |     4 |    15 |    27 |       ||    46
       Bite              |       |       |     8 |       ||     8
 Fire: Shortbow          |    65 |    53 |   431 |   118 ||   667
Throw: Tomahawk          |       |       |     1 |       ||     1
  Use: Scroll            |     5 |     5 |    12 |     1 ||    23
       Potion            |       |     3 |     6 |       ||     9
 Stab: Sleeping          |       |     1 |       |       ||     1
  Eat: Royal jelly       |     1 |       |     1 |       ||     2
       Bread ration      |       |     1 |     2 |       ||     3
       Meat ration       |       |       |     1 |     1 ||     2
Armor: Leather armour    |    14 |    38 |   102 |    10 ||   164
Dodge: Dodged            |    35 |    65 |   202 |    16 ||   318
